 Dungeon Crawl Stone Soup version 0.29.1-15-g9cfb28693d (webtiles) character file.

Game seed: 17980791708316863585

172 tizbic2 the Ruffian (level 5, 0/50 HPs)
             Began as a Troll Warper on Apr 22, 2023.
             Slain by a kobold brigand
             ... wielding a +0 club
              (7 damage)
             ... on level 3 of the Dungeon.
             The game lasted 00:08:55 (1627 turns).

tizbic2 the Ruffian (Troll Warper)                  Turns: 1627, Time: 00:08:55

Health: 0/50       AC:  4    Str: 19    XL:     5   Next: 27%
Magic:  6/6        EV:  9    Int: 11    God:
Gold:   150        SH:  0    Dex:  9    Spells: 5/7 levels left

rFire   . . .      SeeInvis .     - Unarmed
rCold   . . .      Faith    .   (no shield)
rNeg    . . .      Spirit   .   g - +0 animal skin
rPois   .          Reflect  .   (helmet restricted)
rElec   .          Harm     .   (no cloak)
rCorr   .          Rampage  .   (gloves unavailable)
Will    .....                   (boots unavailable)
Stlth   +.........              (no amulet)
HPRegen 0.96/turn               f - ring of wizardry
MPRegen 0.10/turn               (no ring)

@: slowed, very slow
A: large, unfitting armour, claws 3, regeneration 1, shaggy fur 1, tough skin 1
a: no special abilities


You were on level 3 of the Dungeon.
You visited 1 branch of the dungeon, and saw 3 of its levels.

You collected 160 gold pieces.
You spent 10 gold pieces at shops.

Inventory:

Hand Weapons
 w - a +0 mace
Missiles
 a - a throwing net
 c - 7 boomerangs of dispersal (quivered)
 h - 5 javelins
Armour
 g - a +0 animal skin (worn)
Jewellery
 f - a ring of wizardry (left claw)
Wands
 j - a wand of flame (17)
Scrolls
 b - a scroll of blinking
 e - a scroll of teleportation
 k - 2 scrolls of vulnerability {unknown}
Potions
 d - a potion of might {unknown}
 i - a potion of curing
 l - a potion of invisibility {unknown}


   Skills:
 + Level 2.4 Fighting
 - Level 1.0 Throwing
 - Level 1.9 Dodging
 * Level 3.5 Unarmed Combat
 + Level 1.8 Spellcasting
 * Level 3.0 Translocations


You had 5 spell levels left.
You knew the following spells:

 Your Spells              Type           Power      Damage    Failure   Level
a - Blink                 Tloc           14%        N/A       5%          2

Your spell library contained the following spells:

 Spells                   Type           Power      Damage    Failure   Level
 Gell's Gravitas          Tloc           7%         N/A       11%         3
 Lesser Beckoning         Tloc           7%         N/A       11%         3
 Teleport Other           Tloc           7%         N/A       11%         3
 Poisonous Vapours        Pois/Air       0%         N/A       17%         2
 Manifold Assault         Tloc           7%         N/A       65%         5
 Corpse Rot               Necr/Pois/Air  0%         N/A       71%         4


Dungeon Overview and Level Annotations

Branches:
Dungeon (3/15)

Altars:

Shops:
D:2 :!   D:3 [[


Innate Abilities, Weirdness & Mutations

You are too large for most types of armour.
You have claws for hands.
Your natural rate of healing is unusually fast.
You are covered in fur. (AC +1)
You have tough skin. (AC +1)


Message History

You closely miss the kobold brigand.
You feel sick.
The kobold brigand hits you with a +0 club.
* * * LOW HITPOINT WARNING * * *
The kobold brigand hits you with a +0 club.
* * * LOW HITPOINT WARNING * * *
It was a potion of curing.
You feel better.
The kobold brigand hits you with a +0 club!
You scratch the kobold brigand.
The kobold brigand is lightly wounded.
The kobold brigand barely misses you.
The kobold brigand hits you with a +0 club.
* * * LOW HITPOINT WARNING * * *
You closely miss the kobold brigand.
The kobold brigand is lightly wounded.
The kobold brigand hits you but does no damage.
You closely miss the kobold brigand.
The kobold brigand is lightly wounded.
The kobold brigand closely misses you.
You closely miss the kobold brigand.
The kobold brigand is lightly wounded.
The kobold brigand hits you but does no damage.
The kobold brigand hits you with a +0 club.
* * * LOW HITPOINT WARNING * * *
You barely miss the kobold brigand.
The kobold brigand is lightly wounded.
The kobold brigand hits you with a +0 club.
* * * LOW HITPOINT WARNING * * *
You barely miss the kobold brigand.
The kobold brigand is lightly wounded.
The kobold brigand hits you with a +0 club.
* * * LOW HITPOINT WARNING * * *
The kobold brigand hits you but does no damage.
You closely miss the kobold brigand.
The kobold brigand is lightly wounded.
The kobold brigand hits you with a +0 club.
* * * LOW HITPOINT WARNING * * *
You barely miss the kobold brigand.
The kobold brigand is lightly wounded.
The kobold brigand hits you with a +0 club!
You die...

#÷..# ####.# ##.###.#####
....### #.# #.# #.....#
###...# #.### ###.# ###.###
####.#####...####..># #.#
.........###....#...# ###.#
###..###...####.....# #...#
#........#..#####..########
#........##..####..#§§
#.......(###....@K.§§§
#........# ######..#§§
########## ######


You could see a kobold brigand.

Vanquished Creatures
  The ghost of leafyfresh the Sneak, a weakling OpDe (D:3)
  Robin (D:2)
  4 adders
  A worm (D:2)
  2 dart slugs
  2 orcs (D:3)
  6 ball pythons
  5 bats
  8 endoplasms
  6 giant cockroaches
  16 goblins
  6 hobgoblins
  3 kobolds
  2 quokkas
  2 frilled lizards
  7 rats
72 creatures vanquished.

Vanquished Creatures (others)
  8 plants (D:3)
8 creatures vanquished.

Grand Total: 80 creatures vanquished

Notes
Turn   | Place    | Note
-------+----------+-------------------------------------------
     0 | D:1      | tizbic2 the Troll Warper began the quest for the Orb.
     0 | D:1      | Reached XP level 1. HP: 19/19 MP: 1/1
    20 | D:1      | Reached skill level 1 in Throwing
    67 | D:1      | Reached XP level 2. HP: 28/28 MP: 2/2
   167 | D:1      | Learned a level 2 spell: Blink
   484 | D:2      | Reached XP level 3. HP: 35/35 MP: 4/4
   497 | D:2      | Noticed Robin
   523 | D:2      | Killed Robin
   559 | D:2      | Reached XP level 4. HP: 42/42 MP: 5/5
   653 | D:2      | Found Unonogra's Distillery.
   683 | D:2      | Bought a potion of degeneration for 10 gold pieces
   863 | D:2      | Found Joloeguk's Book Boutique.
  1207 | D:3      | Found Xewabeikh's Armour Shoppe.
  1238 | D:3      | Found a runed translucent door.
  1240 | D:3      | Noticed leafyfresh's ghost (weakling OpDe)
  1240 | D:3      | Noticed a kobold brigand
  1325 | D:3      | Found Temoimak's Armour Shoppe.
  1614 | D:3      | Killed leafyfresh's ghost
  1615 | D:3      | Reached XP level 5. HP: 35/50 MP: 6/6
  1627 | D:3      | Slain by a kobold brigand

Illustrated notes

Levels and vault maps discovered:
D:1:      dpeg_arrival_subterranean_lakeside_camping, layout_basic
D:2:      minmay_skewed_foursquare, layout_basic, serial_shops,
          nicolae_shop_stone, shop, uniq_robin
D:3:      layout_rooms, ebering_ghost_inner_flame, serial_shops,
          nicolae_shop_trees, shop_fountains, serial_bayou_lagoon_b

Skill      XL: |  1  2  3  4 |
---------------+-------------+-----
Throwing       | 1 |  1.0
Fighting       | 2 |  2.4
Unarmed Combat | 3 |  3.5
Translocations | 3 |  3.0
Dodging        | |  1.9
Spellcasting   | |  1.8

Action                   |  1- 3 |  4- 6 || total
-------------------------+-------+-------++-------
Melee: Unarmed           |    89 |    79 ||   168
       Punch             |     1 |     2 ||     3
       Mace              |       |    19 ||    19
       Whip              |       |     7 ||     7
 Cast: Blink             |     1 |       ||     1
  Use: Scroll            |       |     1 ||     1
       Potion            |       |     1 ||     1
Armor: Robe              |    50 |       ||    50
       Animal skin       |     1 |    27 ||    28
Dodge: Dodged            |    32 |    39 ||    71
